 Dungeon Crawl Stone Soup version 0.31.0-12-g77e489cdc1 (webtiles) character file.

Game seed: 943811378848302334

112 Dungobob the Vexing (level 4, -1/34 HPs)
             Began as a Gnoll Hexslinger on Mar 4, 2024.
             Slain by a scorpion (5 damage)
             ... on level 4 of the Dungeon.
             The game lasted 00:20:04 (2627 turns).

Dungobob the Vexing (Gnoll Hexslinger)              Turns: 2627, Time: 00:20:05

Health: -1/34      AC: 13    Str:  8    XL:     4   Next: 95%
Magic:  8/8        EV: -6    Int:  9    God:
Gold:   91         SH: 12    Dex: 16    Spells: 9/9 levels left

rFire   . . .        w - +0 falchion
rCold   + + .        y - +0 tower shield
rNeg    . . .        D - +0 plate armour
rPois   +            x - +2 helmet of Impatience {*Corrode Fly Will+}
rElec   .            (no cloak)
rCorr   +            (no gloves)
SInv    .            (no boots)
Will    ++...        (no amulet) Stlth
                     k - ring of protection from cold
HPRegen 0.25/turn    o - ring "Guups" {rPois rC+ Will+ rCorr Int-3}
MPRegen 0.11/turn

%: corrode self (3%)
@: flying
A: fangs 1, strong nose, distributed training
a: no special abilities


You were on level 4 of the Dungeon.
You visited 1 branch of the dungeon, and saw 4 of its levels.

You collected 201 gold pieces.
You spent 110 gold pieces at shops.

Inventory:

Hand Weapons
 a - a +1 sling
 w - a +0 falchion (weapon)
Missiles
 g - 5 poisoned darts (quivered)
 l - 54 stones
Armour
 c - a +0 robe
 x - the +2 helmet of Impatience (worn) {*Corrode Fly Will+}
   (You found it on level 2 of the Dungeon)

   Will+:     It increases your willpower.
   Fly:       It grants you flight.
   *Corrode:  It may corrode you when you take damage.
 y - a +0 tower shield (worn)
 D - a +0 plate armour (worn)
Jewellery
 k - a ring of protection from cold (left hand)
 o - the ring "Guups" (right hand) {rPois rC+ Will+ rCorr Int-3}
   (You bought it in a shop on level 3 of the Dungeon)

   [ring of resist corrosion]

   Int-3:     It affects your intelligence (-3).
   rC+:       It protects you from cold.
   rPois:     It protects you from poison Will+: It increases your willpower.
   rCorr:     It protects you from acid and corrosion.
Scrolls
 b - 2 scrolls of poison
 d - a scroll of enchant weapon {unknown}
 e - 3 scrolls of identify {unknown}
 f - a scroll of immolation {unknown}
 j - a scroll of revelation {unknown}
 r - a scroll of silence {unknown}
 B - a scroll of fog {unknown}
Potions
 h - a potion of enlightenment {unknown}
 i - a potion of might {unknown}
 m - a potion of attraction {unknown}
 n - a potion of brilliance {unknown}
 p - 3 potions of curing {unknown}
 q - a potion of berserk rage {unknown}
 z - 2 potions of heal wounds {unknown}
 A - 2 potions of ambrosia {unknown}


   Skills:
 + Level 2.9 Fighting
 + Level 1.3 Short Blades
 + Level 1.3 Long Blades
 + Level 1.3 Axes
 + Level 1.3 Maces & Flails
 + Level 1.3 Polearms
 + Level 1.3 Staves
 + Level 4.7 Ranged Weapons
 + Level 1.3 Throwing
 + Level 1.3 Armour
 + Level 4.7 Dodging
 + Level 1.3 Stealth
 + Level 1.3 Shields
 + Level 1.3 Unarmed Combat
 + Level 3.1 Spellcasting
 + Level 1.1 Conjurations
 + Level 5.5 Hexes
 + Level 1.1 Summonings
 + Level 1.1 Necromancy
 + Level 1.1 Translocations
 + Level 2.3 Fire Magic
 + Level 1.1 Ice Magic
 + Level 1.1 Air Magic
 + Level 1.1 Earth Magic
 + Level 1.1 Alchemy
 + Level 1.5 Invocations
 + Level 1.3 Evocations
 + Level 1.2 Shapeshifting


You had 9 spell levels left.
You didn't know any spells.
Your spell library contained the following spells:

 Spells                   Type           Power      Damage    Failure   Level
 Magic Dart               Conj           12%        1d3       100%        1
 Jinxbite                 Hex            22%        N/A       100%        2
 Searing Ray              Conj           6%         2d4       100%        2
 Inner Flame              Hex/Fire       8%         N/A       100%        3
 Sigil of Binding         Hex            11%        N/A       100%        3
 Cause Fear               Hex            5%         N/A       100%        4
 Dimensional Bullseye     Hex/Tloc       3%         N/A       100%        4
 Fulminant Prism          Conj/Alch      1%         3d5       100%        4
 Summon Forest            Summ/Tloc      1%         N/A       100%        5
 Eringya's Noxious Bog    Alch           1%         4d6       100%        6
 Summon Hydra             Summ           1%         N/A       100%        7


Dungeon Overview and Level Annotations

Branches:
Dungeon (4/15)
 Temple: D:4-7

Altars:

Shops:
D:3 *


Innate Abilities, Weirdness & Mutations

You have very sharp teeth.
Your uncanny sense of smell can sniff out nearby items.
Your experience applies equally to all skills.


Message History

The scorpion attacks as it pursues you!
The scorpion stings you but does no damage.
The scorpion attacks as it pursues you!
The scorpion stings you but does no damage.
You hit the scorpion. Your bite misses the scorpion.
The scorpion is lightly wounded.
The scorpion stings you but does no damage. x2
The scorpion stings you.
You hit the scorpion.
The scorpion is moderately wounded.
The scorpion stings you.
You are poisoned.
The scorpion poisons you! The scorpion stings you.
You barely miss the scorpion.
The scorpion is moderately wounded.
You feel very sick.
The scorpion stings you but does no damage.
You block the scorpion's attack.
Found a silver ring.
You feel sick. You block the scorpion's attack.
You feel sick.
You are too injured to fight recklessly!
You are too injured to fight recklessly!
You are too injured to fight recklessly!
You closely miss the scorpion.
The scorpion is moderately wounded.
You feel sick. You block the scorpion's attack.
The scorpion stings you but does no damage.
You closely miss the scorpion.
The scorpion is moderately wounded.
You feel sick. You block the scorpion's attack. x2
You closely miss the scorpion.
The scorpion is moderately wounded.
You feel sick.
You are no longer poisoned.
The scorpion stings you.
* * * LOW HITPOINT WARNING * * *
The scorpion stings you.
* * * LOW HITPOINT WARNING * * *
The scorpion stings you.
You die...

.. #= #. #.
∆ #.
#.#####...
#.........
#@# #s# #O#
### #g#
#####....
#.####.....#
#...Og.....#
######.#####
.... #.# .#.
#g####


You could see an ogre, a scorpion and a hobgoblin.

Vanquished Creatures
  An orc priest (D:3)
  An iguana (D:4)
  2 dart slugs
  A ribbon worm (D:3)
  4 orcs (D:3)
  6 ball pythons
  5 bats
  4 endoplasms
  3 giant cockroaches
  A hobgoblin (D:1)
  4 quokkas
  A frilled lizard (D:2)
  2 goblins
  6 kobolds
  6 rats
47 creatures vanquished.

Notes
Turn   | Place    | Note
-------+----------+-------------------------------------------
     0 | D:1      | Dungobob the Gnoll Hexslinger began the quest for the Orb.
     0 | D:1      | Reached XP level 1. HP: 17/17 MP: 4/4
   160 | D:1      | Reached XP level 2. HP: 23/23 MP: 5/5
   966 | D:2      | Identified the +2 helmet of Impatience {*Corrode Fly Will+}
  1075 | D:2      | Reached XP level 3. HP: 28/28 MP: 7/7
  1606 | D:3      | Reached skill level 1 in Invocations
  1609 | D:3      | Reached skill level 1 in Short Blades
  1609 | D:3      | Reached skill level 1 in Long Blades
  1609 | D:3      | Reached skill level 1 in Axes
  1609 | D:3      | Reached skill level 1 in Maces & Flails
  1609 | D:3      | Reached skill level 1 in Polearms
  1609 | D:3      | Reached skill level 1 in Staves
  1609 | D:3      | Reached skill level 1 in Throwing
  1609 | D:3      | Reached skill level 1 in Armour
  1609 | D:3      | Reached skill level 1 in Stealth
  1609 | D:3      | Reached skill level 1 in Shields
  1609 | D:3      | Reached skill level 1 in Unarmed Combat
  1609 | D:3      | Reached skill level 1 in Evocations
  1609 | D:3      | Reached skill level 1 in Shapeshifting
  1609 | D:3      | Reached XP level 4. HP: 29/34 MP: 8/8
  1965 | D:3      | Reached skill level 1 in Conjurations
  1965 | D:3      | Reached skill level 1 in Summonings
  1965 | D:3      | Reached skill level 1 in Necromancy
  1965 | D:3      | Reached skill level 1 in Translocations
  1965 | D:3      | Reached skill level 1 in Ice Magic
  1965 | D:3      | Reached skill level 1 in Air Magic
  1965 | D:3      | Reached skill level 1 in Earth Magic
  1965 | D:3      | Reached skill level 1 in Alchemy
  2403 | D:3      | Found Ovvar's Assorted Antiques.
  2409 | D:3      | Bought a clouded glass ring for 110 gold pieces
  2409 | D:3      | Identified the ring "Guups" {rPois rC+ Will+ rCorr Int-3}
                  | (You bought it in a shop on level 3 of the Dungeon)
  2580 | D:4      | Noticed an ogre
  2611 | D:4      | Noticed a scorpion
  2627 | D:4      | Slain by a scorpion

Illustrated notes

Levels and vault maps discovered:
D:1:      dpeg_arrival_stone_temple_mockup, layout_loops_ring
D:2:      layout_rooms
D:3:      layout_loops_ring, serial_shops, shop, minmay_quadrilaterals
D:4:      layout_loops_ring, grunt_temple_overflow_magic_moments,
          tso_metal_star, minmay_temple_entry_large_hall,
          nicolae_ossuary_entry_catacombs, uniq_blork_the_orc

Skill      XL: |  1  2  3  4 |
---------------+-------------+-----
Fire Magic     | 2 |  2.3
Invocations    | 1 |  1.5
Short Blades   | 1 |  1.3
Long Blades    | 1 |  1.3
Axes           | 1 |  1.3
Maces & Flails | 1 |  1.3
Polearms       | 1 |  1.3
Staves         | 1 |  1.3
Throwing       | 1 |  1.3
Armour         | 1 |  1.3
Stealth        | 1 |  1.3
Shields        | 1 |  1.3
Unarmed Combat | 1 |  1.3
Spellcasting   | 3 |  3.1
Evocations     | 1 |  1.3
Shapeshifting  | 1 |  1.2
Conjurations   | 1 |  1.1
Summonings     | 1 |  1.1
Necromancy     | 1 |  1.1
Translocations | 1 |  1.1
Ice Magic      | 1 |  1.1
Air Magic      | 1 |  1.1
Earth Magic    | 1 |  1.1
Alchemy        | 1 |  1.1
Fighting       | |  2.9
Ranged Weapons | |  4.7
Dodging        | |  4.7
Hexes          | |  5.5

Action                     |  1- 3 |  4- 6 || total
---------------------------+-------+-------++-------
  Melee: Mace              |    13 |       ||    13
         Bite              |     3 |     4 ||     7
         Falchion          |    13 |    35 ||    48
   Fire: Sling             |    69 |    43 ||   112
  Throw: Dart              |       |     2 ||     2
 Armour: Ring mail         |    37 |       ||    37
         Plate armour      |    16 |    76 ||    92
  Dodge: Dodged            |    19 |     2 ||    21
  Block: Tower shield      |    30 |    62 ||    92
